 Dungeon Crawl Stone Soup version 0.31-a0-204-g7da18cac08 (webtiles) character file.

Game seed: 4509415327719820723

92 qw the Shooter (level 4, -1/25 HPs)
             Began as a Deep Elf Hunter on June 27, 2023.
             Slain by Jessica
             ... wielding a +1 dagger of venom
              (5 damage)
             ... on level 3 of the Dungeon.
             The game lasted 00:00:39 (1483 turns).

qw the Shooter (Deep Elf Hunter)                    Turns: 1483, Time: 00:00:39

Health: -1/25      AC:  5    Str: 10    XL:     4   Next: 35%
Magic:  6/6        EV: 11    Int: 14    God:
Gold:   102        SH:  0    Dex: 18    Spells: 3/3 levels left

rFire   . . .        Y - +1 shortbow
rCold   . . .        (shield currently unavailable)
rNeg    . . .        a - +0 ring mail
rPois   .            (no helmet)
rElec   .            (no cloak)
rCorr   .            (no gloves)
SInv    .            (no boots)
Will    .....        (no amulet)
Stlth   +            (no ring)
HPRegen 0.24/turn    (no ring)
MPRegen 0.10/turn

%: no passive effects
@: lethally poisoned (-1 -> -5), slowed, very slow
A: no striking features
a: no special abilities


You were on level 3 of the Dungeon.
You visited 1 branch of the dungeon, and saw 3 of its levels.

You collected 102 gold pieces.


   Skills:
 - Level 1.5 Fighting
 + Level 7.8 Ranged Weapons
 - Level 2.4 Dodging
 - Level 1.2 Stealth


You had 3 spell levels left.
You didn't know any spells.
Your spell library was empty.

Inventory:

Hand Weapons
 Y - a +1 shortbow (weapon)
Armour
 a - a +0 ring mail (worn)
Scrolls
 c - a scroll of summoning {unknown}
 d - a scroll of identify
Potions
 b - a potion of enlightenment
 e - a potion of resistance {unknown}
 g - a potion of experience {unknown}
 h - a potion of degeneration {unknown}
 i - a potion of haste {unknown}

Dungeon Overview and Level Annotations

Branches:
Dungeon (3/15)

Altars:

Annotations:
D:3 Jessica


Message History

You see here an adder corpse.
Jessica is nearby!
Enter note:
Enter note:
Enter note:
Enter note:
Enter note:
Enter note:
Enter note:
Enter note:
Enter note: You shoot an arrow.
Jessica shouts!
The arrow hits Jessica.
Jessica is lightly wounded.
You shoot an arrow. The arrow barely misses Jessica.
You shoot an arrow. The arrow hits Jessica.
Jessica is moderately wounded.
Jessica gestures wildly.
Jessica points at you and mumbles some strange words.
You feel yourself slow down.
You shoot an arrow. The arrow barely misses Jessica.
Jessica casts a spell at you. Pain shoots through your body!
You shoot an arrow. The arrow barely misses Jessica.
You shoot an arrow. The arrow closely misses Jessica.
Jessica barely misses you.
Jessica points at you and mumbles some strange words.
Pain shoots through your body!
You shoot an arrow. The arrow completely misses Jessica.
Jessica hits you but does no damage.
You are lethally poisoned!
Jessica barely misses you.
You shoot an arrow. The arrow hits Jessica.
Jessica is almost dead.
You feel very sick. Jessica completely misses you.
Jessica shouts, "You're disturbing me!
I'll have to kill you!"
Jessica hits you with a +1 dagger of venom.
You die...

#####...##.....#.##.##......#
.......#
##..#...##....####...#
##..##.####...#..###.<## #.#
# ..............#..<....##
####.###
..777...777......#.....#
#....... .7 #7.7#
#7.##....###.###.###... .7
7.7 7.###...###..##.# ##.%
.7# #7.7# #7.#..@#......##.#
##.
..777.7.777..#.#@#####.)##.#
#. .....777.....#.#.#
#.....## #.
..777.7.777..#.#.# ##.#...##
## .7# #7.7# #7...#..
#......# .7 7.7 7..###.
###..#.### .7# #7.7# #7..# #.
#....[..# ..777...777...# #
....##..#.## ..............#
#...(.......# ....######...##
#............


You could see Jessica.

Vanquished Creatures
  3 adders
  A dart slug (D:1)
  2 orcs (D:3)
  6 endoplasms
  5 giant cockroaches
  3 goblins (D:1)
  8 hobgoblins
  4 jackals
  5 kobolds
  A quokka (D:1)
  5 ball pythons
  5 bats
  2 frilled lizards (D:3)
  4 rats
54 creatures vanquished.

Notes
Turn   | Place    | Note
-------+----------+-------------------------------------------
     0 | D:1      | qw the Deep Elf Hunter began the quest for the Orb.
     0 | D:1      | Reached XP level 1. HP: 12/12 MP: 3/3
     0 | D:1      | 0 ||| qw: Version: 0.3-a-22-g0ed2b0b
     0 | D:1      | 0 ||| qw: Game counter: 6507
     0 | D:1      | 0 ||| qw: Melee chars always use a shield: true
     0 | D:1      | 0 ||| qw: God list: Okawaru
     0 | D:1      | 0 ||| qw: Allow faded altars: false
     0 | D:1      | 0 ||| qw: Do Orc after clearing Dungeon:15 true
     0 | D:1      | 0 ||| qw: Do second Lair branch before Depths: true
     0 | D:1      | 0 ||| qw: Lair rune preference: random
     0 | D:1      | 0 ||| qw: Goals: Normal
     0 | D:1      | 0 ||| PLANNING D:1-11
   241 | D:1      | Reached skill level 6 in Ranged Weapons
   241 | D:1      | Reached XP level 2. HP: 16/16 MP: 4/4
   578 | D:1      | 578 ||| READING scroll labelled AMUUMY XUCWON.
   579 | D:1      | 579 ||| READING scroll labelled VOANAF BOWNEU.
   580 | D:1      | 580 ||| DROPPING scroll of butterflies.
   635 | D:2      | 635 ||| STAIRDANCE
   715 | D:2      | Reached XP level 3. HP: 20/20 MP: 5/5
   814 | D:2      | Reached skill level 7 in Ranged Weapons
   985 | D:2      | Identified the +8 hand axe "Owneuf" {vamp, rC+}
  1112 | D:2      | 1112 ||| UPGRADING to +0 ring mail.
  1122 | D:2      | 1122 ||| DROPPING +0 leather armour.
  1123 | D:2      | 1123 ||| READING scroll labelled KEBBUAFOINT.
  1124 | D:2      | 1124 ||| READING 2 scrolls of identify.
  1124 | D:2      | 1124 ||| IDENTIFYING dark potion
  1242 | D:3      | Reached XP level 4. HP: 25/25 MP: 6/6
  1384 | D:3      | Noticed Jessica
  1483 | D:3      | HP: 4/25 [poisoned by Jessica]
  1483 | D:3      | Slain by Jessica

Levels and vault maps discovered:
D:1:      tarquinn_simple_flora_water_a, layout_basic, st_stairs_3,
          lemuel_flame_loot_1
D:2:      layout_basic
D:3:      layout_rooms, lemuel_zombie_altar_yredelemnul,
          minmay_stone_trees_medium, uniq_jessica

Skill      XL: |  1  2  3 |
---------------+----------+-----
Ranged Weapons | 6 7 |  7.8
Fighting       | |  1.5
Dodging        | |  2.4
Stealth        | |  1.2

Action                     |  1- 3 |  4- 6 || total
---------------------------+-------+-------++-------
   Fire: Shortbow          |    90 |    30 ||   120
    Use: Scroll            |     4 |       ||     4
 Armour: Leather armour    |     6 |       ||     6
         Ring mail         |       |     4 ||     4
  Dodge: Dodged            |    10 |     6 ||    16

Table legend:
 A = Non-vault XP
 B = Vault XP
 C = Vault XP percentage of total XP
 D = Non-vault monster count
 E = Vault monster count
 F = Vault count percentage of total count
                 A         B        C        D         E       F
            +---------+---------+-------+---------+---------+-------
      Total |     128 |       4 |   3.0 |      52 |       2 |   3.7
            +---------+---------+-------+---------+---------+-------
        D:1 |      29 |       4 |  12.1 |      14 |       2 |  12.5
        D:2 |      57 |       0 |   0.0 |      21 |       0 |   0.0
        D:3 |      42 |       0 |   0.0 |      17 |       0 |   0.0
            +---------+---------+-------+---------+---------+-------
